 Dungeon Crawl Stone Soup version 0.30.1-4-g462c640d31 (webtiles) character file.

Game seed: 10400609299685137395

19 Arctor the Firebug (level 2, -2/15 HPs)
             Began as a Gargoyle Fire Elementalist on Aug 26, 2023.
             Slain by Robin
             ... wielding a +0 mace
              (7 damage)
             ... on level 1 of the Dungeon.
             The game lasted 00:02:26 (847 turns).

Arctor the Firebug (Gargoyle Fire Elementalist)      Turns: 847, Time: 00:02:27

Health: -2/15      AC:  4    Str: 11    XL:     2   Next: 75%
Magic:  0/5        EV: 12    Int: 15    God:
Gold:   23         SH:  0    Dex: 10    Spells: 4/5 levels left

rFire   . . .        (no weapon)
rCold   . . .        (no shield)
rNeg    + . .        a - +0 robe
rPois   ∞            (no helmet)
rElec   +            (no cloak)
rCorr   .            (no gloves)
SInv    .            (no boots)
Will    .....        (no amulet)
Stlth   ++           (no ring)
HPRegen 0.22/turn    (no ring)
MPRegen 0.09/turn

%: no passive effects
@: no status effects
A: sickness immunity, AC +2, negative energy resistance 1, electricity
resistance, torment resistance 1, petrification resistance
a: no special abilities


You were on level 1 of the Dungeon.
You visited 1 branch of the dungeon, and saw 2 of its levels.

You collected 23 gold pieces.

Inventory:

Missiles
 h - 5 curare-tipped darts
Armour
 a - a +0 robe (worn)
Scrolls
 c - a scroll of butterflies {unknown}
 d - a scroll of enchant armour {unknown}
Potions
 b - a potion of magic


   Skills:
 + Level 1.8 Dodging
 + Level 2.5 Stealth
 + Level 2.2 Spellcasting
 + Level 1.5 Conjurations
 + Level 3.2 Fire Magic


You had 4 spell levels left.
You knew the following spells:

 Your Spells              Type           Power      Damage    Failure   Level
a - Foxfire               Conj/Fire      32%        2x1d5     9%          1

Your spell library contained the following spells:

 Spells                   Type           Power      Damage    Failure   Level
 Scorch                   Fire           22%        2d5       9%          2
 Inner Flame              Hex/Fire       6%         N/A       34%         3
 Volatile Blastmotes      Fire/Tloc      12%        2d11      34%         3
 Flame Wave               Conj/Fire      8%         2d5       63%         4


Dungeon Overview and Level Annotations

Branches:
Dungeon (2/15)

Altars:

Annotations:
D:1 Robin


Innate Abilities, Weirdness & Mutations

You are immune to sickness and miasma.
Your stone body is resilient. (AC +2)
You are immune to poison.
You resist negative energy. (rN+)
You are resistant to electric shocks. (rElec)
You are resistant to unholy torment.
You are immune to petrification.


Message History

Robin is heavily wounded.
Robin hits you with a +0 mace.
* * * LOW HITPOINT WARNING * * *
You hit Robin but do no damage.
Robin is heavily wounded.
Robin says, "Bow before me, strongest of all the hobgoblins!"
Robin closely misses you.
You closely miss Robin.
Robin is heavily wounded.
Robin hits you but does no damage.
You closely miss Robin.
Robin is heavily wounded.
Robin hits you with a +0 mace.
* * * LOW HITPOINT WARNING * * *
You feel better. Robin hits you with a +0 mace.
Casting: Foxfire (safe; 9% risk of failure)
Confirm with . or Enter, or press ? or * to list all spells.
You conjure some foxfire!
Robin closely misses you.
You closely miss Robin.
Robin is heavily wounded.
The foxfire hits Robin.
Robin is severely wounded.
The foxfire hits Robin but does no damage.
Robin is severely wounded.
Robin hits you with a +0 mace.
* * * LOW HITPOINT WARNING * * *
Unknown command.
You closely miss Robin.
Robin is severely wounded.
Robin closely misses you.
You hit Robin but do no damage.
Robin is severely wounded.
Robin misses you.
You hit Robin but do no damage.
Robin is severely wounded.
Robin barely misses you.
You hit Robin but do no damage.
Robin is severely wounded.
Robin hits you with a +0 mace!
You die...

..### ##.#..#..# #.## # #...#
#.##...#####.#### ## ###.###
#.##............####. #...#
#.##.#####...##...... ###.#
#.#..# #..#######... #.###
#.#.#####.## #...
#...#####.#.###...## ###.#.
###..##............## #....)
##.#......@.......## #.#.##
#.......g.........###...#.
########................##......
#.......>...................#.#.
#.............................#.
#........................##..§#.
#.......................###.....
###.....÷..............##..§##..
#............##.........###..#


You could see Robin.

Vanquished Creatures
  3 bats (D:1)
  An endoplasm (D:1)
  8 goblins
  2 hobgoblins (D:1)
  A kobold (D:1)
  A rat (D:1)
16 creatures vanquished.

Vanquished Creatures (collateral kills)
  A foxfire (D:1)
1 creature vanquished.

Vanquished Creatures (others)
  53 foxfires
53 creatures vanquished.

Grand Total: 70 creatures vanquished

Notes
Turn   | Place    | Note
-------+----------+-------------------------------------------
     0 | D:1      | Arctor the Gargoyle Fire Elementalist began the quest for
                  | the Orb.
     0 | D:1      | Reached XP level 1. HP: 10/10 MP: 3/3
   290 | D:1      | Reached XP level 2. HP: 13/15 MP: 0/5
   806 | D:2      | Noticed Robin
   847 | D:1      | Slain by Robin

Illustrated notes

Levels and vault maps discovered:
D:1:      dpeg_arrival_boxes_within_box, layout_rooms, serial_bayou_pond_d
D:2:      layout_loops_cross, hangedman_decor_lopped, uniq_jessica, uniq_robin,
          uniq_crazy_yiuf_cottage

Action                     || total
---------------------------++-------
  Melee: Unarmed           ||    24
  Throw: Dart              ||     1
   Cast: Foxfire           ||    32
    Use: Potion            ||     4
 Armour: Robe              ||     8
  Dodge: Dodged            ||    23
